 Dungeon Crawl Stone Soup version 0.28.0 (webtiles) character file.

Game seed: 8475366833868921510

607 Tirrikindir the Slasher (level 7, -1/48 HPs)
             Began as an Octopode Fighter on Feb 7, 2022.
             Was an Elder of Elyvilon.
             Slain by an ice beast (9 damage)
             ... on level 4 of the Dungeon.
             The game lasted 00:10:51 (4888 turns).

Tirrikindir the Slasher (Octopode Fighter)          Turns: 4888, Time: 00:10:53

Health: -1/48      AC:  1    Str: 15    XL:     7   Next: 43%
Magic:  6/8        EV: 14    Int: 11    God:    Elyvilon [****..]
Gold:   161        SH:  5    Dex: 13    Spells: 6/6 levels left

rFire   . . .      SeeInvis .   a - +2 long sword
rCold   . . .      Faith    .   b - +0 buckler
rNeg    . . .      Spirit   .   (helmet restricted)
rPois   .          Reflect  .   p - amulet of the acrobat
rElec   .          Harm     .   (no ring)
rCorr   .          Rampage  .   (no ring)
Will    .....                   (no ring)
Stlth   +++.......              (no ring)
HPRegen 0.16/turn               (no ring)
MPRegen 0.11/turn               (no ring)
                                (no ring)
                                (no ring)

@: mighty
A: almost no armour, amphibious, 8 rings, camouflage 1, gelatinous body 1,
(nimble swimmer 1), tentacles
a: Renounce Religion, Purification, Heal Other, Heal Self


You were on level 4 of the Dungeon.
You worshipped Elyvilon.
Elyvilon was greatly pleased with you.
You visited 1 branch of the dungeon, and saw 5 of its levels.

You collected 161 gold pieces.

Inventory:

Hand Weapons
 a - a +2 long sword (weapon)
 k - a +1 vampiric dagger
Missiles
 d - 7 poisoned darts (quivered)
Armour
 b - a +0 buckler (worn)
Jewellery
 p - an amulet of the acrobat (around mantle)
Wands
 i - a wand of iceblast (6)
 j - a wand of mindburst (13)
Scrolls
 e - a scroll of fear {unknown}
 h - 3 scrolls of teleportation
 l - 2 scrolls of summoning
 n - a scroll of blinking {unknown}
Potions
 c - a potion of might
 f - 2 potions of ambrosia
 g - a potion of heal wounds
 m - 2 potions of haste
 r - a potion of flight {unknown}


   Skills:
 - Level 4.0 Fighting
 * Level 4.7 Long Blades
 - Level 4.0 Dodging
 + Level 4.1 Stealth
 - Level 4.0 Shields
 + Level 2.6 Invocations
 + Level 1.6 Evocations


You had 6 spell levels left.
You didn't know any spells.
Your spell library contained the following spells:

 Spells                   Type           Power      Damage    Failure   Level
 Freeze                   Ice            0%         1d3       41%         1
 Slow                     Hex            0%         N/A       41%         1
 Ensorcelled Hibernation  Hex/Ice        0%         N/A       56%         2
 Confusing Touch          Hex            0%         N/A       80%         3
 Frozen Ramparts          Ice            0%         1d2       80%         3
 Spider Form              Tmut/Pois      0%         N/A       80%         3
 Stone Arrow              Conj/Erth      0%         3d7       80%         3
 Summon Guardian Golem    Hex/Summ       0%         N/A       80%         3
 Vampiric Draining        Necr           0%         2d6       80%         3
 Anguish                  Hex/Necr       0%         N/A       99%         4
 Hailstorm                Conj/Ice       0%         3d3       99%         4
 Orb of Destruction       Conj           0%         9d5       100%        7
 Spellforged Servitor     Conj/Summ      0%         N/A       100%        7
 Lehudib's Crystal Spear  Conj/Erth      0%         10d2      100%        8
 Animate Armour           Summ/Erth      Unusable   N/A       N/A         4

Dungeon Overview and Level Annotations

Branches:
Dungeon (5/15)
 Temple: D:4-7

Altars:
Elyvilon

Shops:
D:1 =   D:3 [

Annotations:
D:4 2 transporters, hikkokomori's ghost, amateur MiFi


Innate Abilities, Weirdness & Mutations

You cannot wear most types of armour.
You are amphibious.
You can wear up to eight rings at the same time.
Your skin changes colour to match your surroundings (Stealth+).
Your rubbery body absorbs attacks. (AC +1, EV +1)
((You are camouflaged when in or above water. (Stealth+)))
You have tentacles for arms and can constrict up to eight enemies at once.


Message History

Reactivating autopickup.
There is a stone staircase leading down here.
You barely miss the ice beast. You squeeze the ice beast.
The ice beast is lightly wounded.
Something hits you.
Deactivating autopickup; reactivate with Ctrl-A.
The ice beast hits you.
* * * LOW HITPOINT WARNING * * *
The ice beast freezes you.
* * * LOW HITPOINT WARNING * * *
Something hits you.
* * * LOW HITPOINT WARNING * * *
Okay, then.
You feel much better. Something hits you. The ice beast hits you.
The ice beast freezes you.
You feel very mighty all of a sudden.
You hear some strange, mumbled words.
You are confused.
The ice beast hits you.
* * * LOW HITPOINT WARNING * * *
The ice beast freezes you! Elyvilon protects you from harm!
Okay, then.
You feel purified! Something hits you.
* * * LOW HITPOINT WARNING * * *
The ice beast closely misses you.
Aiming: Mindburst
Press: ? - help, Shift-Dir - straight line, f - ice beast
Aim: an ice beast (chance to affect: 71%)
The ice beast's mind is blasted!
Something hits you.
* * * LOW HITPOINT WARNING * * *
The ice beast hits you but does no damage.
Aiming: Mindburst
Press: ? - help, Shift-Dir - straight line, f/p - ice beast
Aim: an ice beast (heavily wounded, chance to affect: 71%)
The ice beast struggles to resist.
You block something's attack. The ice beast hits you.
* * * LOW HITPOINT WARNING * * *
The ice beast freezes you!
You die...

#......####....................#
......### ##............#.....##
....###.####............###..##
#..## #.................##...#
....# #......................#
#...# ####....#...........##.##
##.## #.....#.........####.#
##.# #......Y#......## #.# #.##
###......@.....### ### ##.#
##..............# #.##
#..............## #'##
#..............# ...#
#......(.......## .).#
#...............# )..#
#.<.............# ####
#...............##
#................#########


You could see an ice beast.

Vanquished Creatures
  Sigmund (D:2)
  A jelly (D:4)
  An orc wizard (D:3)
  Crazy Yiuf (D:4)
  An iguana (D:4)
  Ijyb (D:3)
  Natasha (thrice) (D:4)
  A hound skeleton (D:4)
  Robin (D:4)
  6 adders
  5 gnolls
  2 worms (D:2)
  A dart slug (D:2)
  5 orcs (D:3)
  9 endoplasms
  4 giant cockroaches
  15 goblins
  14 hobgoblins
  A jackal (D:3)
  3 quokkas
  9 ball pythons
  6 bats
  5 frilled lizards
  4 kobolds
  3 rats
103 creatures vanquished.

Notes
Turn   | Place    | Note
-------+----------+-------------------------------------------
     0 | D:1      | Tirrikindir the Octopode Fighter began the quest for the
                  | Orb.
     0 | D:1      | Reached XP level 1. HP: 16/16 MP: 1/1
    61 | D:1      | Reached XP level 2. HP: 17/21 MP: 2/2
   416 | D:1      | Reached skill level 1 in Stealth
   757 | D:1      | Reached XP level 3. HP: 26/26 MP: 3/3
   763 | D:1      | Found a faded altar of an unknown god.
   765 | D:1      | Found Esumywna's Jewellery Shoppe.
   766 | D:1      | Prayed at the altar of an unknown god.
   766 | D:1      | Became a worshipper of Elyvilon the Healer
   766 | D:1      | Reached * piety under Elyvilon
  1394 | D:2      | Noticed Sigmund
  1401 | D:2      | Killed Sigmund
  1402 | D:2      | Reached skill level 1 in Invocations
  1402 | D:2      | Reached XP level 4. HP: 26/31 MP: 3/5
  1402 | D:2      | Reached XP level 5. HP: 30/36 MP: 3/6
  1795 | D:2      | Reached XP level 6. HP: 42/42 MP: 7/7
  2024 | D:3      | Reached ** piety under Elyvilon
  2421 | D:3      | Noticed Ijyb
  2429 | D:3      | Killed Ijyb
  2635 | D:3      | Found Uluusoos's Antique Armour Shop.
  3244 | D:4      | Noticed Robin
  3330 | D:4      | Reached *** piety under Elyvilon
  3451 | D:4      | Noticed Natasha
  3459 | D:4      | Killed Natasha
  3460 | D:4      | Reached skill level 1 in Evocations
  3460 | D:4      | Reached XP level 7. HP: 45/47 MP: 8/8
  3577 | D:4      | Killed Robin
  3794 | D:4      | Noticed Natasha
  3799 | D:4      | Killed Natasha
  3827 | D:4      | Noticed hikkokomori's ghost (amateur MiFi)
  3828 | D:4      | Found a transporter.
  3832 | D:4      | Found a transporter.
  4084 | D:4      | Reached **** piety under Elyvilon
  4200 | D:4      | Found a runed translucent door.
  4201 | D:4      | Noticed Crazy Yiuf
  4209 | D:4      | Killed Crazy Yiuf
  4691 | D:4      | Noticed Natasha
  4698 | D:4      | Killed Natasha
  4867 | D:5      | Entered Level 5 of the Dungeon
  4885 | D:4      | Elyvilon protects you from harm!
  4888 | D:4      | Slain by an ice beast

Illustrated notes

Levels and vault maps discovered:
D:1:      dpeg_arrival_arbitrary_c, layout_basic, basic_ecumenical_altar,
          serial_shops, shop
D:2:      layout_rooms, st_stairs_14, uniq_sigmund
D:3:      layout_basic, serial_shops, nicolae_shop_stone,
          minmay_misc_feat_roman, minmay_ruptured, uniq_ijyb
D:4:      layout_layer_cave, gammafunk_ghost_smash, uniq_crazy_yiuf_cottage,
          uniq_natasha, uniq_robin
D:5:      layout_cave_pools, elyvilon_altar_1, chequers_serial_rivers_marsh,
          uniq_prince_ribbit1, uniq_menkaure, uniq_eustachio

Skill      XL: |  1  2  3  4  5  6  7 |
---------------+----------------------+-----
Stealth        | 1 2 3 4 |  4.1
Long Blades    | 3 4 |  4.7
Invocations    | 1 2 |  2.6
Shields        | 4 |  4.0
Evocations     | 1 |  1.6
Dodging        | 4 |  4.0
Fighting       | 4 |  4.0

Action                   |  1- 3 |  4- 6 |  7- 9 || total
-------------------------+-------+-------+-------++-------
Melee: Long sword        |    58 |    84 |    40 ||   182
       Constrict         |    11 |    21 |    10 ||    42
       Tentacles         |     4 |    19 |    14 ||    37
       Punch             |       |     1 |       ||     1
Throw: Dart              |       |     4 |       ||     4
Invok: Purification      |       |       |     1 ||     1
Evoke: Wand              |       |       |     2 ||     2
  Use: Scroll            |     1 |     5 |     1 ||     7
       Potion            |     1 |     2 |     4 ||     7
 Stab: Sleeping          |     6 |    15 |     2 ||    23
       Distracted        |     1 |       |       ||     1
Armor: Skin              |     8 |     3 |     4 ||    15
Dodge: Dodged            |    31 |    44 |    26 ||   101
Block: Buckler           |     9 |    16 |    11 ||    36
